 Dungeon Crawl Stone Soup version 0.23.2-1-ga50397a (webtiles) character file.

Game seed: 7330537050240658801

1228 Kairos the Twirler (level 8, 32/61 HPs)
             Began as a Formicid Fighter on Apr 16, 2019.
             Was a Follower of Okawaru.
             Quit the game on level 6 of the Dungeon.
             The game lasted 00:05:50 (5676 turns).

Kairos the Twirler (Formicid Fighter)               Turns: 5676, Time: 00:05:51

Health: 32/61      AC: 16    Str: 22    XL:     8   Next: 76%
Magic:  8/8        EV:  6    Int:  9    God:    Okawaru [*.....]
Gold:   285        SH: 10    Dex: 10    Spells: 7/7 levels left

rFire    . . .     SeeInvis +   a - +0 quarterstaff
rCold    . . .     Gourm    .   c - +0 shield
rNeg     . . .     Faith    .   h - +0 plate armour
rPois    .         Spirit   .   (helmet unavailable)
rElec    .         Reflect  .   k - +0 cloak
rCorr    .         Harm     .   (no gloves)
MR       .....                  p - +1 pair of boots
Stlth    ..........             w - amulet of inaccuracy (curse)
HPRegen  0.20/turn              r - ring of flight
MPRegen  0.11/turn              (no ring)

@: no status effects
A: permanent stasis, dig shafts and tunnels, four strong arms, antennae 3
a: Dig, Shaft Self, Heroism, Renounce Religion, Evoke Flight


You were on level 6 of the Dungeon.
You worshipped Okawaru.
Okawaru was aware of your devotion.
You were not hungry.

You visited 1 branch of the dungeon, and saw 6 of its levels.

You collected 285 gold pieces.

Inventory:

Hand Weapons
 a - a +0 quarterstaff (weapon)
Armour
 b - a +0 scale mail
 c - a +0 shield (worn)
 h - a +0 plate armour (worn)
 k - a +0 cloak (worn)
 p - a +1 pair of boots (worn)
Jewellery
 r - a ring of flight (left hand)
 w - a cursed amulet of inaccuracy (around neck)
Wands
 q - a wand of polymorph (8)
 v - a wand of scattershot (3)
Scrolls
 g - 4 scrolls of amnesia
 i - 3 scrolls of identify
 j - 3 scrolls of fog
 o - 2 scrolls of teleportation
Potions
 d - a potion of might
 e - 2 potions of magic
 l - 2 potions of curing
 m - 2 potions of brilliance
 n - 2 potions of heal wounds
 s - a potion of degeneration {unknown}
Comestibles
 f - 12 rations


   Skills:
 + Level 4.9 Fighting
 + Level 6.9 Staves
 + Level 5.8 Armour
 + Level 0.6 Dodging
 + Level 6.7 Shields
 + Level 0.1 Invocations


You had 7 spell levels left.
You didn't know any spells.
Your spell library contained the following spells:

 Spells                   Type           Power        Failure   Level  Hunger
 Animate Skeleton         Necr           N/A          100%        1    ##.....
 Apportation              Tloc           #.....       100%        1    ##.....
 Confusing Touch          Hex            #.....       100%        1    ##.....
 Summon Small Mammal      Summ           #...         100%        1    ##.....


Dungeon Overview and Level Annotations

Branches:
Dungeon (6/15)             Temple (0/1) D:5

Altars:
Gozag
Makhleb
Nemelex Xobeh
Okawaru
Ru
Sif Muna
Trog
Vehumet
Wu Jian
Zin
Beogh

Shops:
D:5 ((}


Innate Abilities, Weirdness & Mutations

You cannot be hasted, slowed, berserked, paralysed or teleported.
You can dig through walls and to a lower floor.
Your four strong arms can wield two-handed weapons with a shield.
You have a pair of large antennae on your head. (SInv)


Message History

No target in view!
No target in view!
No target in view!
You see here a +0 giant spiked club.
Found a stone staircase leading down.
Unknown command.
You pick up a book of Cantrips and begin reading...
You add the spells Confusing Touch, Animate Skeleton, Summon Small Mammal and Apportation to your library.
You see here a +0 giant spiked club.
j - 3 scrolls of fog (gained 1)
You now have 285 gold pieces (gained 6).
You open the door.
You sense a monster nearby.
As you read the scroll labeled LIDENE HAIR, it crumbles to dust.
You feel a strange sense of stasis.
It was a scroll of teleportation.
As you read the scroll labeled PUMUMEU NOLIN, it crumbles to dust.
You feel aware of your surroundings.
It was a scroll of magic mapping.
As you read the scroll labeled RYCACUXTINK, it crumbles to dust.
Your body is wracked with pain!
It was a scroll of torment.
Are you sure you want to abandon this character and quit the game? (Confirm with "yes".)

****##########......#...####.##
*,,,,,,,#......#..........
*,,,,,,,#......+..........
*,,,,{,{#......#..........
*******,,,,,,#......########..#
*,,,,**,,,,,,#.........#,,*#..#
*,,,,**,{,,,,#.........#,,.....
*,,,,**+######.........#.......
*,,,,*,......'@........#......<
*,,,,*,......#.........#......#
*,,,,*,.....,#.........#...(..#
*,,,,*,....,,#.........+......#
*,,,,**##.,,,#.........#,,,,,,*
****+***#,,,,#.........#,,,,,,+
*,,,,,,,,,,,,#.........#*******
*,,,,,,,,,,,,#.........,,,,,,,,
*,,,,,,,,,,,,*,,,,,,,,,,,,,,,,,


There were no monsters in sight!

Vanquished Creatures
  Menkaure (D:4)
  A sky beast (D:6)
  3 ogres
  An orc warrior (D:6)
  The ghost of Caroluchiii the Charlatan, an amateur VSAr (D:3)
  A scorpion (D:6)
  A wight (D:4)
  4 orc priests
  2 hounds (D:4)
  An iguana (D:4)
  3 worker ants
  Natasha (D:3)
  2 orc wizards
  A howler monkey zombie (D:3)
  A gnoll (D:1)
  4 adders
  A worm (D:3)
  A dart slug (D:2)
  4 leopard geckos
  20 orcs
  A ball python (D:4)
  4 giant cockroaches
  8 goblins
  4 hobgoblins
  10 jackals
  5 kobolds
  3 bats
  A frilled lizard (D:1)
  A leopard gecko zombie (D:6)
  6 rats
97 creatures vanquished.

Notes
Turn   | Place    | Note
-------+----------+-------------------------------------------
     0 | D:1      | Kairos the Formicid Fighter began the quest for the Orb.
     0 | D:1      | Reached XP level 1. HP: 18/18 MP: 1/1
   169 | D:1      | Reached XP level 2. HP: 24/24 MP: 2/2
   227 | D:1      | Reached XP level 3. HP: 23/29 MP: 3/3
   949 | D:2      | Found a glowing silver altar of Zin.
   950 | D:2      | Noticed an angel
  1010 | D:2      | Found a sacrificial altar of Ru.
  1013 | D:2      | Found an ornate altar of the Wu Jian Council.
  1134 | D:2      | Reached XP level 4. HP: 30/37 MP: 4/4
  1487 | D:3      | Reached XP level 5. HP: 41/42 MP: 5/5
  1545 | D:3      | Noticed Natasha
  1549 | D:3      | Killed Natasha
  1562 | D:3      | Found a burning altar of Makhleb.
  1701 | D:3      | Found a deep blue altar of Sif Muna.
  1801 | D:3      | Reached XP level 6. HP: 4/48 MP: 6/6
  2598 | D:3      | Found a runed translucent gate.
  2599 | D:3      | Found a runed translucent gate.
  2599 | D:3      | Found a runed translucent gate.
  2599 | D:3      | Identified the cursed +1 short sword "Grim Tooth" {venom,
                  | rF+ rN+}
  2599 | D:3      | Noticed Caroluchiii's ghost (amateur VSAr)
  2619 | D:3      | Found a roughly hewn altar of Beogh.
  2775 | D:3      | Killed Caroluchiii's ghost
  3248 | D:4      | Found an iron altar of Okawaru.
  3249 | D:4      | Found a bloodstained altar of Trog.
  3259 | D:4      | Became a worshipper of Warmaster Okawaru
  3324 | D:4      | Reached skill level 5 in Staves
  3327 | D:4      | Reached XP level 7. HP: 40/54 MP: 7/7
  3527 | D:4      | Reached skill level 5 in Shields
  3833 | D:4      | Reached * piety under Okawaru
  3991 | D:4      | Noticed Menkaure
  4005 | D:4      | Killed Menkaure
  4005 | D:4      | Reached skill level 5 in Armour
  4005 | D:4      | Reached XP level 8. HP: 4/61 MP: 5/8
  4413 | D:5      | Entered Level 5 of the Dungeon
  4490 | D:5      | Found a staircase to the Ecumenical Temple.
  4527 | D:5      | Found Lipti's Weapon Shoppe.
  4775 | D:5      | Found Jamae's Gadget Emporium.
  4786 | D:5      | Found Lar Ass's Antique Weapon Shoppe.
  4905 | D:5      | Found an opulent altar of Gozag.
  4905 | D:5      | Found a sparkling altar of Nemelex Xobeh.
  5463 | D:6      | Found a radiant altar of Vehumet.
  5676 | D:6      | Quit the game

Skill      XL: |  1  2  3  4  5  6  7  8 |
---------------+-------------------------+-----
Shields        | 4 5 6 |  6.7
Staves         | 3 4 5 6 |  6.9
Armour         | 4 5 |  5.8
Fighting       | 4 |  4.9
Dodging        | |  0.6
Invocations    | |  0.1

Action                   |  1- 3 |  4- 6 |  7- 9 || total
-------------------------+-------+-------+-------++-------
Melee: Quarterstaff      |    60 |   224 |   154 ||   438
Invok: Heroism           |       |       |     2 ||     2
 Abil: Dig               |       |     5 |     3 ||     8
  Use: Scroll            |     2 |     3 |     3 ||     8
       Potion            |     1 |       |       ||     1
  Eat: Chunk             |       |     5 |     5 ||    10
       Ration            |       |     1 |     1 ||     2
Armor: Scale mail        |     2 |       |       ||     2
       Plate armour      |    32 |   100 |    72 ||   204
Dodge: Dodged            |    12 |    31 |    17 ||    60
Block: Shield            |    26 |    89 |    66 ||   181
